 Dungeon Sprint DCSS version 0.28.0-53-g5a82cb258f (webtiles) character file.

Game seed: 17217786388073510737

0 Zeld the Skirmisher (level 1, -1/20 HPs)
             Began as a Minotaur Berserker on May 29, 2022.
             Was a Follower of Trog.
             Slain by Sigmund
             ... wielding a +0 scythe
              (10 damage)
             ... in the Dungeon (Sprint VI: "Thunderdome").
             The game lasted 00:00:26 (40 turns).

Zeld the Skirmisher (Minotaur Berserker)              Turns: 40, Time: 00:00:27

Health: -1/20      AC:  4    Str: 21    XL:     1   Next: 16%
Magic:  0/0        EV: 12    Int:  4    God:    Trog [*.....]
Gold:   92         SH:  0    Dex:  9    Spells: 0/0 levels left

rFire   . . .      SeeInvis .   a - +0 hand axe
rCold   . . .      Faith    .   (no shield)
rNeg    . . .      Spirit   .   b - +0 animal skin
rPois   .          Reflect  .   (helmet restricted)
rElec   .          Harm     .   q - +0 cloak
rCorr   .          Rampage  .   m - +0 pair of gloves
Will    .....      NoTele   +   (no boots)
Stlth   +.........              (no amulet)
HPRegen 0.06/turn               (no ring)
MPRegen 0.07/turn               (no ring)

@: no status effects
A: horns 2, retaliatory headbutt
a: Renounce Religion, Berserk


You were in the Dungeon.
You worshipped Trog.
Trog was aware of your devotion.
You visited 1 branch You collected 200 gold pieces.
You spent 108 gold pieces at shops.

Inventory:

Hand Weapons
 a - a +0 hand axe (weapon)
Armour
 b - a +0 animal skin (worn)
 m - a +0 pair of gloves (worn)
 q - a +0 cloak (worn)
Wands
 j - a wand of acid (5)
 k - a wand of iceblast (5)
Scrolls
 h - 4 scrolls of blinking
 l - 3 scrolls of fog
Potions
 c - a potion of curing
 d - 4 potions of heal wounds
 e - 4 potions of haste
 f - 2 potions of magic
 g - a potion of berserk rage
 i - a potion of resistance


   Skills:
 * Level 3.9 Fighting
 * Level 3.9 Axes
 + Level 2.6 Armour
 + Level 2.3 Dodging


You couldn't memorise any spells.
You didn't know any spells.
Your spell library was empty.

Dungeon Overview and Level Annotations

Branches:
Dungeon (1/1)

Altars:
Kikubaaqudgha
Makhleb
Okawaru
Qazlal
Wu Jian
Xom
Beogh

Shops:
D **[(

Annotations:
D Sigmund


Innate Abilities, Weirdness & Mutations

You have a pair of horns on your head.
You reflexively headbutt those who attack you in melee.


Message History

The hobgoblin hits you. x2
You hit the hobgoblin.
You kill the hobgoblin!
Trog accepts your kill.
No target in view!
There is a spawn point here.
Press: ? - help, v - describe, . - travel A spawn point.
There is a spawn point here.
There is an entrance to Teli's Basic Armour here.
m - a +0 pair of gloves;
n - a +0 cloak Thank you for shopping at Teli's Basic Armour!
You start putting on your armour.
You continue putting on your +0 pair of gloves. x4
You finish putting on your +0 pair of gloves.
You start putting on your armour.
You continue putting on your +0 cloak.
HP restored.
Keep equipping yourself? [Y]es or [N]o only, please.
Keep equipping yourself?
Uppercase [Y]es or [N]o only, please.
Keep equipping yourself?
You continue putting on your +0 cloak.
Sigmund shouts!
You continue putting on your +0 cloak. x2
Sigmund casts a spell.
Sigmund flickers and vanishes!
Deactivating autopickup; reactivate with Ctrl-A.
You finish putting on your +0 cloak.
Adjust to which letter? (? for menu, Esc to quit)
q - a +0 cloak (worn)
There is an entrance to Xonoup's Weapon Rack here.
You hear some strange, mumbled words.
A puff of flame appears from out of thin air!
The puff of flame hits you!
Ouch! That really hurt!
There is an iron altar of Okawaru here.
Something hits you!
Ouch! That really hurt!
You die...

.# #...###.....
.....###........
...8. #.8......
......###......._
#.8.........8.###
#⌠...........§#
###.......†.###
#_.......{#
#_.......@#
#_......._#
#∩.......∩#
##∩.....∩##
##.....## ##⌠⌠⌠##
#####


There were no monsters in sight!

Vanquished Creatures
  A hobgoblin (D)
1 creature vanquished.

Notes
Turn   | Place    | Note
-------+----------+-------------------------------------------
     0 | D        | Zeld the Minotaur Berserker began the quest for the Orb.
     0 | D        | Reached XP level 1. HP: 19/19 MP: 0/0
     3 | D        | Found a shimmering altar of Xom.
     4 | D        | Found an ornate altar of the Wu Jian Council.
     4 | D        | Found a stormy altar of Qazlal.
     5 | D        | Found an iron altar of Okawaru.
     5 | D        | Round 1.
     6 | D        | Found a burning altar of Makhleb.
     6 | D        | Found an ancient bone altar of Kikubaaqudgha.
     6 | D        | Found Xonoup's Weapon Rack.
     6 | D        | Found Yddickaa's Premium Goods.
     7 | D        | Found Teli's Basic Armour.
     7 | D        | Found Noseinaq's Miscellaneous Merchandise.
    28 | D        | Bought a +0 pair of gloves for 54 gold pieces
    28 | D        | Bought a +0 cloak for 54 gold pieces
    34 | D        | Noticed Sigmund
    40 | D        | Slain by Sigmund

Illustrated notes

Levels and vault maps discovered:
D:        arena_sprint

Action                   || total
-------------------------++-------
Melee: Hand axe          ||     2
